 Dungeon Crawl Stone Soup version 0.21-a0-404-g291f19a (webtiles) character file.

663941 Hasart the Merfolkian Porcupine (level 27, -3/238 HPs)
             Began as a Merfolk Gladiator on Oct 30, 2017.
             Was the Champion of the Shining One.
             Slain by a shadow dragon (4 damage)
             ... on level 1 of the Realm of Zot.
             The game lasted 03:56:06 (82076 turns).

Hasart the Merfolkian Porcupine (MfGl)             Turns: 82076, Time: 03:56:06

Health: -3/238     AC: 39    Str: 26    XL:     27
Magic:  32/35      EV: 26    Int: 13    God:    the Shining One [******]
Gold:   2963       SH: 14    Dex: 20    Spells: 28/38 levels left

rFire    + + .     SeeInvis +   K - +9 trishula (holy)
rCold    + + .     Gourm    .   H - +3 warlock's mirror {reflect}
rNeg     + + +     Faith    .   R - +9 plate armour of Makhleb's Approval {rElec Regen+}
rPois    .         Spirit   .   W - +2 helmet {SInv}
rElec    +         Reflect  +   p - +2 cloak {MR+}
rCorr    +         Harm     .   T - +2 pair of gloves {Dex+3}
MR       +++..                  J - +1 pair of boots {Fly}
Stlth    ..........             a - amulet of Xametif {Reflect rF+ rC+ Int+2 SH+4}
HPRegen  0.89/turn              f - ring "Ocwezum" {rC+ rN+ Str+2 Slay+6}
MPRegen  0.24/turn              D - ring "Jixavah" {rCorr rF+ SInv}

@: lethally poisoned (-3 -> -14), flying, slowed, glowing, very slow
A: change form in water, swift swim, stealthy swim, clever 1, high mp 1,
mutation resistance 1
}: 4/15 runes: decaying, silver, abyssal, gossamer
a: Divine Shield, Cleansing Flame, Summon Divine Warrior, Renounce Religion,
Stop Flying


You were on level 1 of the Realm of Zot.
You worshipped the Shining One.
The Shining One was exalted by your worship.
You were full.

You visited 13 branches of the dungeon, and saw 51 of its levels.
You visited the Abyss 1 time.
You visited 1 bazaar.
You also visited: Labyrinth, Wizlab and Desolation.

You collected 31580 gold pieces.
You spent 8512 gold pieces at shops.
You paid 20105 gold pieces to Gozag.

Inventory:

Hand Weapons
 h - the +7 lajatang of Order {silver, rMut}
   (You took it off a minotaur in a labyrinth)

   It protects you from mutation.
 K - a +9 trishula of holy wrath (weapon)
Missiles
 d - 5 throwing nets (quivered)
Armour
 p - a +2 cloak of magic resistance (worn)
 E - a +2 cloak of poison resistance
 G - +0 gold dragon scales
 H - the +3 warlock's mirror (worn) {reflect}
   (You found it on level 2 of the Swamp)
 J - a +1 pair of boots of flying (worn)
 R - the +9 plate armour of Makhleb's Approval (worn) {rElec Regen+}
   (You bought it in a shop on level 2 of the Lair of Beasts)

   It insulates you from electricity.
   It increases your rate of regeneration.
 T - a +2 pair of gloves of dexterity (worn)
 W - a +2 helmet of see invisible (worn)
Jewellery
 a - the amulet of Xametif (around neck) {Reflect rF+ rC+ Int+2 SH+4}
   (You bought it in a shop on level 2 of the Lair of Beasts)

   [amulet of reflection]

   It shields you and reflects attacks.
   It affects your intelligence (+2).
   It protects you from fire.
   It protects you from cold.
   It affects your SH (+4).
 e - the amulet "Toetuxuf" {Spirit rF+ MR+ Int+3}
   (You took it off a deep elf blademaster on level 3 of the Elven Halls)

   [amulet of guardian spirit]

   It causes incoming damage to be split between your health and magic.
   It affects your intelligence (+3).
   It protects you from fire.
   It affects your resistance to hostile enchantments.
 f - the ring "Ocwezum" (left hand) {rC+ rN+ Str+2 Slay+6}
   (You bought it in a shop on level 1 of the Depths)

   [ring of protection from cold]

   It affects your strength (+2).
   It affects your accuracy and damage with ranged weapons and melee attacks
   (+6).
   It protects you from cold.
   It protects you from negative energy.
 D - the ring "Jixavah" (right hand) {rCorr rF+ SInv}
   (You took it off an ironheart preserver on level 5 of the Vaults)

   [ring of resist corrosion]

   It protects you from fire.
   It lets you see invisible.
 O - the ring "Gilid" {rF+ MR+ MP+9}
   (You found it in the Desolation of Salt)

   [ring of magical power]

   It protects you from fire.
   It affects your resistance to hostile enchantments.
   It affects your magic capacity (+9).
 S - the amulet "Jidum" {RegenMP rF++ rN+ Int+2}
   (You took it off a deep elf death mage on level 2 of the Elven Halls)

   [amulet of magic regeneration]

   It increases your magic regeneration.
   It affects your intelligence (+2).
   It greatly protects you from fire.
   It protects you from negative energy.
 U - the ring of Robustness {AC+8}
   (You took it off a deep elf knight on level 3 of the Elven Halls)

   [ring of protection]

   It affects your AC (+8).
Wands
 k - a wand of digging (12/24)
 w - a wand of scattershot (5/9)
Scrolls
 i - 44 scrolls of identify
 j - 13 scrolls of teleportation
 m - 2 scrolls of holy word
 r - 10 scrolls of magic mapping
 s - 20 scrolls of remove curse
 u - a scroll of silence
 y - 8 scrolls of fear
 A - 10 scrolls of fog
 N - 6 scrolls of recharging
 Y - a scroll of blinking
Potions
 g - 4 potions of cancellation
 l - 11 potions of curing
 n - 5 potions of haste
 o - 7 potions of heal wounds
 v - 4 potions of brilliance
 x - a potion of magic
 C - 7 potions of mutation
 F - 3 potions of resistance
 L - 7 potions of agility
 Z - 6 potions of might
Miscellaneous
 q - 2 boxes of beasts
 t - a fan of gales
 V - 6 sacks of spiders
Comestibles
 b - 25 royal jellies
 B - 2 meat rations


   Skills:
 + Level 24.2 Fighting
 O Level 27 Polearms
 - Level 15.9(19.0) Staves
 - Level 12.3 Throwing
 - Level 15.2 Armour
 O Level 27 Dodging
 - Level 10.7 Shields
 - Level 6.0 Spellcasting
 + Level 2.0 Translocations
 * Level 11.9 Invocations
 - Level 8.2 Evocations


You had 28 spell levels left.
You knew the following spells:

 Your Spells              Type           Power        Failure   Level  Hunger
a - Blink                 Tloc           N/A          58%         2    ##.....
b - Controlled Blink      Tloc           N/A          100%        8    #######


Dungeon Overview and Level Annotations

Branches:
Dungeon (15/15)            Temple (1/1) D:4            Lair (6/6) D:10
  Swamp (4/4) Lair:3       Spider (4/4) Lair:3        Slime (0/5) Lair:5
    Orc (2/2) D:9             Elf (3/3) Orc:2        Vaults (5/5) D:14
  Crypt (3/3) Vaults:2       Tomb (1/3) Crypt:3      Depths (5/5) D:15
   Hell (1/1)                 Zot (1/5) Depths:5
    Dis: Hell:1         Geh: Hell:1         Coc: Hell:1         Tar: Hell:1

Altars:
Ashenzari
Cheibriados
Dithmenos
Elyvilon
Fedhas
Gozag
Hepliaklqana
Kikubaaqudgha
Makhleb
Nemelex Xobeh
Okawaru
Qazlal
Ru
Sif Muna
Trog
Uskayaw
Vehumet
Wu Jian
Xom
Yredelemnul
Zin
The Shining One
Beogh

Shops:
D:4 *   D:6 *   D:7 [   D:12 ([((   Orc:2 ?*}}   Elf:1 :   Elf:2 (
Lair:2 [[[(=((([(   Lair:3 (   Vaults:1 ?   Vaults:2 *   Vaults:5 %!!
Depths:1 =}=

Portals:
Hell: Depths:1 Depths:2 Depths:3 Depths:4 Depths:5
Abyss: Depths:1 Depths:4
Pandemonium: Depths:3 Depths:5
Ziggurat: Depths:1
Trove: D:13 (give +2 gold dragon scales)

Annotations:
Elf:2 3 runed doors
Hell Murray


Innate Abilities, Weirdness & Mutations

You revert to your normal form in water.
You are very nimble and swift while swimming.
You are very stealthy in the water. (Stealth+)
Your mind is acute. (Int +2)
You have an increased reservoir of magic. (+10% MP)
You are somewhat resistant to further mutation.


Message History

The shadow dragon barely misses you.
The shadow dragon completely misses you.
You block the shadow dragon's attack.
The shadow dragon breathes negative energy at you.
The bolt of negative energy hits you! You resist.
The bolt of negative energy hits the death cob.
The death cob completely resists.
The green draconian hits you with a dire flail!!
* * * LOW HITPOINT WARNING * * *
The green draconian closely misses you. The death cob completely misses you.
The white draconian shifter blinks!
You block the purple draconian's attack.
The green draconian monk closely misses you.
The green draconian monk barely misses you.
The green draconian monk misses you.
The green draconian monk tail-slaps you.
* * * LOW HITPOINT WARNING * * *
The shadow dragon bites you but does no damage.
The shadow dragon claws you.
You die...

.. . .. . #.. .#
##.# #'## #...##
###.§.#
+.8...###qD§8q+
#..?...qD@q§..#
#....>zdd.###
###.§§§d###
##.8.##
###†.§..###
#.[.)∩)...#
#......)......#
....8...###...8.+
..#...### ##...#


You could see 2 shadow dragons, a green draconian monk, a black draconian, a
green draconian, a purple draconian, 2 draconians, a death cob and a purple
draconian scorcher.

Vanquished Creatures
  Mara (D:15)
  A juggernaut (Depths:4)
  2 ancient liches
  Sojobo (Depths:3)
  Saint Roka (Depths:1)
  Xtahua (Depths:3)
  A caustic shrike (Depths:2)
  A curse toe (Zot:1)
  Geryon (Hell)
  6 golden dragons
  the Enchantress (D:15)
  5 liches
  A bone dragon (Crypt:3)
  3 tentacled monstrosities
  A moon troll (WizLab)
  4 titans
  Asterion (Spider:1)
  2 deep elf blademasters (Elf:3)
  2 acid blobs (Depths:1)
  A deep elf master archer (Elf:3)
  4 quicksilver dragons
  22 tentacled starspawn
  Kirke (D:13)
  An ancient champion (Crypt:2)
  2 storm dragons
  7 sphinxes
  5 thorn hunters
  10 tengu reavers
  An azure jelly (shapeshifter) (Vaults:5)
  13 shadow dragons
  A daeva (Abyss:3)
  5 azure jellies (Depths:1)
  2 draconian monks (Depths:5)
  11 fire giants
  An iron dragon (Depths:5)
  Donald (Spider:2)
  7 frost giants
  24 vault wardens
  5 emperor scorpions
  2 ghost moths (Spider:4)
  Louise (Depths:1)
  4 deep elf sorcerers
  2 balrugs
  3 imperial myrmidons (Desolation)
  7 ghouls
  A cacodemon (WizLab)
  2 deep elf elementalists
  8 war gargoyles
  A reaper (Depths:5)
  6 spriggan defenders
  4 draconian annihilators (Depths:5)
  20 ironheart preservers
  A draconian shifter (Depths:5)
  A juggernaut skeleton (Crypt:1)
  21 very ugly things
  9 vampire knights
  28 stone giants
  4 black draconians (Depths:5)
  6 entropy weavers
  10 deep elf annihilators
  7 deep elf demonologists
  5 green draconians (Depths:5)
  A halazid warlock (Desolation)
  2 lorocyprocas (Abyss:3)
  13 spark wasps
  4 white draconians
  7 purple draconians (Depths:5)
  A yellow draconian (Zot:1)
  26 ettins
  4 eidola
  A minotaur (Lab)
  12 deep elf death magi
  5 jiangshi
  4 death oozes (Depths:1)
  7 crystal guardians
  3 fire dragons
  4 mummy priests (Tomb:1)
  3 green deaths (Abyss:3)
  14 yaktaur captains
  5 deep elf high priests
  2 quicksilver dragon zombies
  7 ragged hierophants (Desolation)
  9 great orbs of eyes
  5 ice dragons
  34 vault guards
  2 quicksilver dragon skeletons
  12 servants of whispers (Desolation)
  5 peacekeepers (Desolation)
  7 spriggan air magi
  43 starcursed masses
  22 hydras
  A hell beast (Depths:2)
  A ghost crab (Swamp:3)
  Erolcha (D:10)
  4 rakshasas
  9 centaur warriors
  2 catoblepae
  A juggernaut simulacrum (Depths:1)
  11 death scarabs (Tomb:1)
  15 ogre magi
  12 deep troll shamans
  5 dancing weapons (Crypt:3)
  5 vampire magi
  4 alligators
  10 spriggan berserkers
  45 two-headed ogres
  9 tengu warriors
  5 death knights
  12 deep troll earth magi
  13 thrashing horrors
  4 titan zombies
  4 death yaks (Depths:4)
  A hell hog (Abyss:3)
  3 orc high priests (Orc:2)
  24 deep elf knights
  A sun demon (Abyss:3)
  7 wretched stars
  23 skeletal warriors
  4 soul eaters
  2 iron trolls (D:15)
  4 shadow wraiths
  A salamander mystic (Depths:4)
  11 hell knights
  A fire crab (shapeshifter) (Elf:2)
  4 spatial maelstroms (Abyss:3)
  3 unseen horrors (Vaults:1)
  A storm dragon skeleton (Crypt:1)
  28 deep trolls
  6 flayed ghosts
  An unseen horror (shapeshifter) (Depths:4)
  2 death drakes (Depths:5)
  2 sixfirhies
  10 swamp dragons
  3 orange crystal statues
  A shadow dragon zombie (Crypt:3)
  An infernal demonspawn (Depths:3)
  2 spriggan druids (Swamp:3)
  17 glowing orange brains
  A golden dragon skeleton (Crypt:1)
  15 necromancers
  3 shambling mangroves
  22 ironbrand convokers
  4 wizards
  7 phantasmal warriors
  19 deep elf archers
  17 orc knights
  2 lindwurms (Depths:5)
  A mana viper (shapeshifter) (Vaults:5)
  4 harpies
  29 orb spiders
  4 frost giant zombies
  3 harpies (shapeshifter)
  9 oklob plants
  45 ugly things
  A stone giant zombie (Crypt:3)
  An iron dragon zombie (Crypt:1)
  A shining eye (shapeshifter) (Vaults:4)
  3 cyclopes
  69 deep elf magi
  A wolf spider (shapeshifter) (Elf:3)
  2 fire giant zombies
  11 orc sorcerers
  37 wolf spiders
  A moth of wrath (shapeshifter) (Depths:5)
  A manticore (D:8)
  4 moths of wrath
  3 iron dragon skeletons
  6 salamanders
  4 black mambas
  An elephant (shapeshifter) (Vaults:3)
  A stone giant skeleton (Depths:1)
  17 large abominations
  A guardian serpent (Desolation)
  5 worldbinders
  8 elephants (Lair:3)
  7 vault sentinels
  A dire elephant zombie (Crypt:3)
  2 centaur zombies
  An orange demon (Depths:5)
  4 eyes of devastation (WizLab)
  4 rust devils
  2 apocalypse crabs (Abyss:3)
  3 smoke demons
  A gargoyle (D:14)
  2 torpor snails (Spider:2)
  A spiny frog (shapeshifter) (Vaults:1)
  10 spiny frogs
  2 spriggan zombies
  3 centaur skeletons
  3 efreet
  A kobold demonologist (Depths:4)
  2 rime drakes
  4 ice devils
  A redback zombie (D:7)
  2 iron troll zombies (Crypt:2)
  8 demonic crawlers
  A rime drake (shapeshifter) (Depths:1)
  A tormentor (Abyss:3)
  12 freezing wraiths
  3 guardian mummies
  8 komodo dragons
  59 yaktaurs
  5 red devils
  2 hellwings (D:7)
  2 hydra zombies
  2 tengu conjurers
  A queen bee (Lair:3)
  A silent spectre (Abyss:3)
  2 trolls
  10 tyrant leeches
  6 ancient zymes
  An iron troll skeleton (Crypt:2)
  38 jumping spiders
  29 hornets
  56 saltlings (Desolation)
  Prince Ribbit (D:9)
  A jumping spider (shapeshifter) (Vaults:4)
  A wind drake (Depths:5)
  2 wind drakes (shapeshifter)
  16 raiju
  8 dream sheep
  9 bog bodies
  2 wolf spider simulacra (Crypt:1)
  3 polar bears (Lair:6)
  34 slime creatures
  23 blink frogs
  An ettin zombie (Crypt:3)
  An alligator zombie (Tomb:1)
  A fire dragon zombie (Crypt:3)
  8 hippogriffs
  2 human simulacra (Vaults:3)
  3 meliai zombies
  2 stone giant simulacra
  40 flying skulls
  An ettin skeleton (Crypt:1)
  26 tarantellas
  An ushabti (Tomb:1)
  44 yaks
  19 water elementals
  2 deep troll skeletons
  A spriggan (shapeshifter) (Depths:1)
  8 air elementals
  2 spriggan skeletons
  8 wraiths
  3 ynoxinuls
  A fire dragon skeleton (Crypt:3)
  71 redbacks
  27 spriggans
  5 shadows
  3 hogs (D:13)
  A yak (shapeshifter) (Vaults:5)
  5 basilisks
  3 fire bats (Depths:1)
  A vampire (Abyss:3)
  3 golden eyes (Abyss:3)
  A human (shapeshifter) (Depths:2)
  A fire elemental (Depths:4)
  2 hungry ghosts
  9 neqoxecs
  17 vampire mosquitoes
  A yaktaur simulacrum (Depths:1)
  4 chaos spawn
  2 deep troll zombies (Crypt:2)
  Edmund (D:4)
  4 spatial vortices (Abyss:3)
  6 wargs
  2 human zombies
  A soldier ant (D:8)
  20 swamp worms
  3 acid dragons
  6 hell hounds
  2 floating eyes (Depths:2)
  A floating eye (shapeshifter) (Vaults:5)
  An infernal demonspawn skeleton (Crypt:1)
  5 porcupines
  9 water moccasins
  2 ice beasts
  An eye of draining (D:12)
  4 phantoms
  32 orc warriors
  16 small abominations
  7 black bears
  A manticore zombie (Crypt:3)
  9 sky beasts
  A fire dragon simulacrum (Crypt:1)
  18 swamp drakes
  29 wolves
  46 ogres
  4 boggarts (Lair:6)
  3 necrophages
  A lindwurm skeleton (Crypt:2)
  A tengu (shapeshifter) (Vaults:3)
  A swamp dragon skeleton (Crypt:3)
  9 centaurs
  A manticore skeleton (Tomb:1)
  8 crocodiles
  4 big kobolds
  16 bullfrogs
  6 earth elementals
  A water moccasin skeleton (D:8)
  15 jellies
  A scorpion (D:9)
  An elf simulacrum (Vaults:3)
  32 killer bees
  A troll skeleton (Crypt:2)
  3 wights (D:15)
  7 electric eels
  7 howler monkeys
  6 crimson imps
  A bullfrog zombie (D:13)
  4 quasits
  21 orc priests
  4 hounds
  A gnoll shaman (D:7)
  3 iron imps
  21 orc wizards
  3 bullfrog skeletons
  6 iguanas
  7 hell rats (Lair:6)
  10 worker ants
  A demigod skeleton (Crypt:2)
  A naga zombie (Crypt:2)
  A hound skeleton (D:10)
  A hound zombie (D:10)
  A mummy (Tomb:1)
  2 worker ant zombies
  Robin (D:2)
  8 gnolls (D:7)
  7 adders
  5 shadow imps
  2 white imps (Abyss:1)
  2 ufetubi (Abyss:3)
  4 oozes
  A halfling zombie (Crypt:1)
  An adder skeleton (D:5)
  2 adder zombies
  A lava snake skeleton (Crypt:1)
  6 worms
  2 dart slugs
  7 leopard geckos
  99 orcs
  A ball python (D:4)
  9 giant cockroaches
  18 goblins
  10 hobgoblins
  18 jackals
  3 quokkas
  A ball python skeleton (D:5)
  7 bats
  4 frilled lizards
  2 jackal zombies
  8 kobolds
  2 rats
  3 briar patches
  3 fungi
  3 lurking horrors (Abyss:3)
  6 plants
  30 starspawn tentacles
  A withered plant (D:14)
2729 creatures vanquished.

Vanquished Creatures (collateral kills)
  A tentacled monstrosity (Zot:1)
  A black draconian (Zot:1)
  A white draconian (Zot:1)
  A purple draconian (Zot:1)
4 creatures vanquished.

Vanquished Creatures (others)
  A deep elf master archer (Elf:3)
  3 liches
  A storm dragon (Vaults:5)
  A ghost moth (Spider:2)
  An entropy weaver (Spider:2)
  A stone giant (WizLab)
  3 yaktaur captains
  15 dancing weapons
  A tengu warrior (Depths:4)
  3 deep elf knights
  A deep troll (Depths:5)
  A spatial maelstrom (Abyss:3)
  2 deep elf archers
  A lindwurm (Depths:5)
  2 cyclopes
  A deep elf mage (Elf:1)
  A yaktaur (shapeshifter) (Vaults:5)
  10 yaktaurs
  A spriggan (Swamp:4)
  A golden eye (Abyss:3)
  A human (D:13)
  An ogre (Depths:3)
  A small abomination (Abyss:3)
  An orc priest (Orc:1)
  An orc (Orc:2)
  3 demonic plants (WizLab)
  27 fungi
  A lurking horror (Abyss:3)
  26 plants
  53 starspawn tentacles
  2 withered plants (D:7)
168 creatures vanquished.

Grand Total: 2901 creatures vanquished

Notes
Turn   | Place    | Note
-------+----------+-------------------------------------------
     0 | D:1      | Hasart the Merfolk Gladiator began the quest for the Orb.
     0 | D:1      | Reached XP level 1. HP: 16/16 MP: 1/1
   162 | D:1      | Reached XP level 2. HP: 13/23 MP: 2/2
   497 | D:1      | Reached skill level 5 in Polearms
   954 | D:1      | Reached XP level 3. HP: 28/28 MP: 3/3
  1083 | D:2      | Reached skill level 1 in Shields
  1364 | D:2      | Found an ancient bone altar of Kikubaaqudgha.
  1365 | D:2      | Found an ornate altar of the Wu Jian Council.
  1365 | D:2      | Found a hazy altar of Hepliaklqana.
  1365 | D:2      | Found an opulent altar of Gozag.
  1374 | D:2      | Reached XP level 4. HP: 34/34 MP: 4/4
  1399 | D:2      | Became a worshipper of Gozag Ym Sagoz the Greedy
  1791 | D:3      | Noticed Robin
  1803 | D:3      | Reached XP level 5. HP: 30/41 MP: 5/5
  1979 | D:2      | Reached skill level 5 in Dodging
  2530 | D:2      | Killed Robin
  2732 | D:3      | Found a bloodstained altar of Trog.
  2840 | D:3      | Reached XP level 6. HP: 47/47 MP: 6/6
  2962 | D:3      | Found a stormy altar of Qazlal.
  3534 | D:4      | Got a dazzling ring mail
  3555 | D:4      | Identified the cursed +0 ring mail of Boiling Hail {rPois rCorr SInv} (You found it on level 4 of the Dungeon)
  3604 | D:4      | Found an iron altar of Okawaru.
  3663 | D:4      | Found Foepligh's Assorted Antiques.
  4014 | D:4      | Found a shattered altar of Ashenzari.
  4017 | D:4      | Found a hide-covered altar of Uskayaw.
  4018 | D:4      | Found a basalt altar of Yredelemnul.
  4021 | D:4      | Found a shadowy altar of Dithmenos.
  4133 | D:4      | Noticed Edmund
  4183 | D:4      | Killed Edmund
  4183 | D:4      | Reached XP level 7. HP: 19/54 MP: 7/7
  4421 | D:4      | Found a staircase to the Ecumenical Temple.
  4583 | D:5      | Entered Level 5 of the Dungeon
  5210 | D:5      | Reached XP level 8. HP: 53/61 MP: 8/8
  5575 | D:6      | Reached skill level 5 in Fighting
  5823 | D:5      | Reached skill level 10 in Polearms
  5984 | D:6      | Found a burning altar of Makhleb.
  6013 | D:6      | Found Guiriex's Assorted Antiques.
  6827 | D:7      | Reached XP level 9. HP: 28/69 MP: 9/9
  8402 | D:7      | Noticed a hellwing
  8448 | D:7      | Killed a hellwing
  8448 | D:7      | Reached XP level 10. HP: 46/79 MP: 10/10
  8456 | D:7      | Bought a transparent helmet for 266 gold pieces
  8466 | D:7      | Identified the +1 helmet "Lorre" {*Slow rN+ Str+9 Slay-5} (You bought it in a shop on level 7 of the Dungeon)
  9169 | D:8      | Reached skill level 10 in Dodging
  9200 | D:8      | Noticed a manticore
  9232 | D:8      | Killed a manticore
  9697 | D:8      | Noticed a two-headed ogre
  9719 | D:8      | Killed a two-headed ogre
  9719 | D:8      | Reached skill level 1 in Armour
 10203 | D:9      | Reached skill level 15 in Polearms
 10303 | D:9      | Found a staircase to the Orcish Mines.
 10507 | D:9      | Noticed Prince Ribbit
 10527 | D:9      | Killed Prince Ribbit
 10527 | D:9      | Reached XP level 11. HP: 63/87 MP: 11/11
 10870 | D:10     | Entered Level 10 of the Dungeon
 10941 | Orc:1    | Entered Level 1 of the Orcish Mines
 10941 | Orc:1    | Found a roughly hewn altar of Beogh.
 10943 | Orc:1    | Noticed an orc sorcerer
 11262 | Orc:1    | Noticed an orc sorcerer
 11275 | D:9      | Killed an orc sorcerer
 11458 | Orc:1    | Killed an orc sorcerer
 11564 | Orc:2    | Entered Level 2 of the Orcish Mines
 12058 | Orc:2    | Noticed an orc knight
 12155 | Orc:1    | Killed an orc knight
 12212 | Orc:2    | Noticed an orc sorcerer
 12219 | Orc:2    | Noticed a soul eater
 12219 | Orc:2    | Killed an orc sorcerer
 12256 | Orc:2    | Found a staircase to the Elven Halls.
 12461 | Orc:2    | Noticed an orc sorcerer
 12512 | Orc:1    | HP: 3/89 [orc warrior/glaive (13)]
 12860 | Orc:2    | Noticed a sixfirhy
 12872 | Orc:2    | Noticed a sixfirhy
 12997 | Orc:1    | Noticed a sun demon
 12997 | Orc:1    | Killed an orc sorcerer
 13112 | Orc:2    | Noticed an orc sorcerer
 13113 | Orc:2    | Noticed a sixfirhy
 13123 | Orc:2    | Noticed an orc high priest
 13123 | Orc:2    | Noticed an orc knight
 13124 | Orc:2    | Noticed an orc knight
 13124 | Orc:2    | Noticed an orc knight
 13345 | Orc:2    | Noticed a soul eater
 13357 | Orc:1    | Killed an orc sorcerer
 13430 | Orc:2    | Found a roughly hewn altar of Beogh.
 13458 | Orc:2    | Killed an orc high priest
 13505 | Orc:2    | Killed an orc knight
 13822 | Orc:2    | Noticed an orc sorcerer
 13831 | Orc:2    | Noticed an orc sorcerer
 13867 | Orc:1    | Killed an orc knight
 13867 | Orc:1    | Reached skill level 10 in Fighting
 13867 | Orc:1    | Reached XP level 12. HP: 54/97 MP: 12/12
 14630 | Orc:2    | Noticed an orc high priest
 14773 | D:4      | Bought a scroll labeled SIXAET PIBUTASK for 17 gold pieces
 14773 | D:4      | Bought a scroll labeled KIOHOLAORI for 17 gold pieces
 14773 | D:4      | Bought a scroll labeled KIOHOLAORI for 17 gold pieces
 14831 | D:6      | Bought a scroll labeled JUESHR VUIMN for 26 gold pieces
 14831 | D:6      | Bought a scroll labeled SIXAET PIBUTASK for 26 gold pieces
 14831 | D:6      | Bought a scroll labeled VUZISO EFEYN for 26 gold pieces
 15474 | Orc:2    | Noticed an orc high priest
 15483 | Orc:2    | Killed an orc high priest
 15957 | Orc:2    | Killed an orc high priest
 16196 | Orc:2    | Found Vudoh's Magic Scroll Shoppe.
 16201 | Orc:2    | Found Qieb's General Store.
 16207 | Orc:2    | Found Ukufasej's Gadget Shop.
 16209 | Orc:2    | Found Fogau's Gadget Shoppe.
 16439 | Orc:1    | Noticed a stone giant
 16813 | D:10     | Found a staircase to the Lair.
 17174 | D:10     | Noticed Erolcha
 17183 | D:10     | Killed Erolcha
 17223 | D:10     | Reached skill level 5 in Armour
 17452 | Lair:1   | Entered Level 1 of the Lair of Beasts
 17576 | Lair:1   | Found a labyrinth entrance.
 17590 | Lab      | Entered a labyrinth
 18049 | Lab      | Noticed a minotaur
 18058 | Lab      | Killed a minotaur
 18483 | Lair:2   | Reached skill level 1 in Staves
 18487 | Lair:2   | Reached XP level 13. HP: 97/106 MP: 13/13
 20830 | Lair:3   | Bought a brightly glowing trident for 195 gold pieces
 20830 | Lair:3   | Identified the +8 trident "Vef Lisk" {pierce, *Drain rPois Int+2} (You bought it in a shop on level 3 of the Lair of Beasts)
 20944 | Lair:3   | Got a slimy robe
 20946 | Lair:3   | Identified the +2 robe of the Oligarchy {Int+3} (You found it on level 3 of the Lair of Beasts)
 21327 | Lair:3   | Found a hole to the Spider Nest.
 21464 | Lair:3   | Found a staircase to the Swamp.
 21559 | Lair:3   | Reached skill level 5 in Staves
 22013 | Lair:4   | Reached XP level 14. HP: 79/115 MP: 14/14
 22450 | Lair:4   | Reached skill level 5 in Shields
 22826 | Lair:4   | Identified the Compendium of Attacks
 23678 | Lair:5   | Found a staircase to the Slime Pits.
 23701 | Lair:5   | Reached skill level 1 in Evocations
 23982 | Lair:5   | Gained mutation: Your mind is acute. (Int +2) [potion of mutation]
 23982 | Lair:5   | Gained mutation: You have an increased reservoir of magic. (+10% MP) [potion of mutation]
 23982 | Lair:5   | Gained mutation: You are agile. (Dex +2) [potion of mutation]
 23982 | Lair:5   | Gained mutation: You are somewhat resistant to further mutation. [potion of mutation]
 24186 | Lair:6   | Entered Level 6 of the Lair of Beasts
 24399 | D:7      | Bought a distressingly furry plate armour for 784 gold pieces
 24409 | D:7      | Identified the +2 plate armour of Patterns {rC+ MR+ Str-2} (You bought it in a shop on level 7 of the Dungeon)
 24409 | D:7      | Bought a brightly glowing scale mail for 252 gold pieces
 24409 | D:7      | Bought a shimmering scale mail for 252 gold pieces
 24419 | D:7      | Identified the +4 scale mail of the Sky {SInv} (You bought it in a shop on level 7 of the Dungeon)
 24429 | D:7      | Identified the cursed +1 scale mail "Moojoz" {MR+ Dex+9} (You bought it in a shop on level 7 of the Dungeon)
 26354 | D:11     | Found an opulent altar of Gozag.
 27228 | D:12     | Got a diamond-encrusted chain mail
 27239 | D:12     | Identified the cursed +1 chain mail of Untruth {+Inv rF+} (You found it on level 12 of the Dungeon)
 27266 | D:12     | Found Bopy Faapn's Antique Weapon Shop.
 27328 | D:12     | Found Baodighi's Armour Boutique.
 27349 | D:12     | Bought a +2 cloak of poison resistance for 240 gold pieces
 27903 | D:12     | Found Faetit's Antique Weapon Shop.
 27913 | D:12     | Found Obid's Antique Weapon Emporium.
 28159 | D:13     | Reached XP level 15. HP: 99/122 MP: 19/19
 28178 | D:13     | Noticed Kirke
 28188 | D:13     | Killed Kirke
 28188 | D:13     | Reached skill level 15 in Dodging
 28352 | D:13     | Found a portal to a secret trove of treasure.
 28642 | D:13     | Found a blossoming altar of Fedhas.
 29716 | D:14     | Found a gate to the Vaults.
 30209 | D:15     | Entered Level 15 of the Dungeon
 30758 | D:15     | Found a staircase to the Depths.
 30758 | D:15     | Noticed a frost giant
 30775 | D:15     | Killed a frost giant
 31098 | Depths:1 | Entered Level 1 of the Depths
 31346 | Swamp:1  | Entered Level 1 of the Swamp
 32282 | Swamp:2  | Learned a level 2 spell: Blink
 32522 | Swamp:2  | Reached XP level 16. HP: 105/131 MP: 21/21
 32950 | Swamp:2  | Found the +3 warlock's mirror {reflect}
 32960 | Swamp:2  | Noticed a thorn hunter
 32976 | Swamp:2  | Killed a thorn hunter
 33124 | Swamp:3  | Found the +8 demon blade "Leech" {vamp, rN+ AC-3 EV-3}
 33642 | Swamp:3  | Noticed a thorn hunter
 33655 | Swamp:3  | Killed a thorn hunter
 34221 | Swamp:4  | Entered Level 4 of the Swamp
 34221 | Swamp:4  | Noticed a thorn hunter
 34259 | Swamp:3  | Killed a thorn hunter
 34567 | Swamp:4  | Noticed a thorn hunter
 34586 | Swamp:4  | Killed a thorn hunter
 34768 | Swamp:4  | Noticed a thorn hunter
 35074 | Swamp:3  | Killed a thorn hunter
 35670 | Swamp:4  | Reached XP level 17. HP: 123/140 MP: 22/22
 35924 | Swamp:4  | Got a decaying rune of Zot
 36639 | Elf:1    | Entered Level 1 of the Elven Halls
 37025 | Elf:1    | Reached skill level 15 in Fighting
 37380 | Elf:1    | Identified the Catalogue of Battle Magic
 37886 | Elf:1    | Found Nota's Book Shoppe.
 38269 | Elf:2    | Found Tittiad's Antique Weapon Boutique.
 38287 | Elf:2    | HP: 6/142 [war axe of chopping (6)]
 38461 | Elf:2    | Found a ruined gateway.
 38587 | Desolati | Entered the Desolation of Salt
 38723 | Desolati | Reached skill level 10 in Staves
 39093 | Desolati | Got a shimmering rapier
 39095 | Desolati | Got a pitted rapier
 39096 | Desolati | Identified the +3 rapier of the Nine Orbs {pierce, rF+} (You found it in the Desolation of Salt)
 39099 | Desolati | Identified the cursed +1 rapier "Tomer" {pierce, +Rage Int-2 Dex+4} (You found it in the Desolation of Salt)
 39107 | Desolati | Identified the Papyrus of Unholy Rites
 39542 | Desolati | Reached XP level 18. HP: 48/150 MP: 23/23
 40660 | Desolati | Identified Sif Muna's Almanac of Shifting Dislocation
 40665 | Desolati | Identified the Papyrus of Execration
 40666 | Desolati | Identified the Grimoire of Shape Shifting and Conjuration
 41565 | Desolati | Got a warped silver ring
 41571 | Desolati | Got a heavily runed copper ring
 41572 | Desolati | Identified the ring "Kexzugeavu" {Fire rElec MR+} (You found it in the Desolation of Salt)
 41573 | Desolati | Identified the ring "Gilid" {rF+ MR+ MP+9} (You found it in the Desolation of Salt)
 42331 | Elf:2    | Found a runed gate.
 42331 | Elf:2    | Found a runed gate.
 42331 | Elf:2    | Found a runed gate.
 42916 | Elf:3    | Entered Level 3 of the Elven Halls
 44210 | Elf:3    | Noticed a deep elf master archer
 44227 | Elf:3    | Killed a deep elf master archer
 44305 | Elf:3    | Reached XP level 19. HP: 134/159 MP: 24/24
 44462 | Elf:2    | Got a flickering platinum amulet
 44757 | Elf:3    | Identified the amulet "Jidum" {RegenMP rF++ rN+ Int+2} (You took it off a deep elf death mage on level 2 of the Elven Halls)
 45352 | Elf:3    | Got a spiked plate armour
 45363 | Elf:3    | Identified the +7 plate armour "Miphulil" {*Drain rCorr Int-4 SInv} (You took it off a deep elf blademaster on level 3 of the Elven Halls)
 45789 | Elf:3    | Noticed a Hell Sentinel
 45931 | Elf:3    | Noticed a Tzitzimitl
 46092 | Elf:3    | Got a glittering bronze amulet
 46094 | Elf:3    | Identified the amulet "Toetuxuf" {Spirit rF+ MR+ Int+3} (You took it off a deep elf blademaster on level 3 of the Elven Halls)
 46288 | Elf:3    | Got a pitted scale mail
 46289 | Elf:3    | Identified the +3 scale mail of Pan-Flutes {rPois Int+5 Dex-4} (You found it on level 3 of the Elven Halls)
 46752 | D:15     | Reached skill level 5 in Throwing
 47055 | Depths:1 | Noticed the Enchantress
 47567 | Lair:2   | Bought a transparent plate armour for 840 gold pieces
 47567 | Lair:2   | Bought a pair of glowing gloves for 225 gold pieces
 47567 | Lair:2   | Bought a shiny helmet for 225 gold pieces
 47577 | Lair:2   | Identified the +9 plate armour of Makhleb's Approval {rElec Regen+} (You bought it in a shop on level 2 of the Lair of Beasts)
 47650 | Spider:1 | Entered Level 1 of the Spider Nest
 49344 | Spider:2 | Noticed Asterion
 49382 | Spider:1 | Killed Asterion
 49486 | Spider:2 | Noticed Donald
 49515 | Spider:2 | Killed Donald
 49671 | Spider:2 | Reached XP level 20. HP: 165/168 MP: 25/25
 51542 | Spider:4 | Entered Level 4 of the Spider Nest
 52705 | Spider:4 | Got a gossamer rune of Zot
 53386 | D:15     | Killed the Enchantress
 53389 | D:15     | Got faerie dragon scales
 53400 | D:15     | Identified the +2 faerie dragon scales {+Fly rElec rCorr Dex+2} (You took it off the Enchantress on level 15 of the Dungeon)
 53731 | Depths:1 | Noticed Saint Roka
 53954 | Depths:1 | Killed Saint Roka
 53954 | Depths:1 | Reached XP level 21. HP: 125/177 MP: 26/26
 54020 | Depths:1 | Noticed Mara
 54036 | Depths:1 | Noticed Hasart's illusion
 54287 | Vaults:1 | Entered Level 1 of the Vaults
 55308 | Vaults:1 | Found Xearchor's Magic Scroll Emporium.
 55314 | Vaults:1 | Bought a scroll of enchant weapon for 120 gold pieces
 56022 | Vaults:2 | Found a staircase to the Crypt.
 56022 | Vaults:2 | Found an ancient bone altar of Kikubaaqudgha.
 56023 | Vaults:2 | Found a basalt altar of Yredelemnul.
 56816 | Vaults:2 | Reached skill level 10 in Throwing
 57000 | Vaults:2 | Found Juigyur's Assorted Antiques.
 57925 | Vaults:3 | Reached XP level 22. HP: 181/186 MP: 27/27
 58260 | Vaults:3 | Found the +8 glaive of the Guard {elec, +Rage AC+5 SInv}
 58571 | Vaults:3 | Found a gateway to a bazaar.
 58583 | Bazaar   | Entered a bazaar
 58587 | Bazaar   | Found Ykkabyir's Jewellery Boutique.
 58605 | Bazaar   | Found Cahuir's Antique Weapon Emporium.
 58610 | Bazaar   | Bought a bloodstained trident for 187 gold pieces
 58622 | Bazaar   | Found Worypny's General Store.
 58639 | Bazaar   | Found Ishinach's Weapon Shoppe.
 58653 | Bazaar   | Identified the +1 trident of Pestilence {drain, Dex+4} (You bought it in a shop in a bazaar)
 59174 | Vaults:4 | Reached skill level 10 in Armour
 60143 | Vaults:4 | Identified a scroll of acquirement
 60339 | Vaults:4 | Reached XP level 23. HP: 180/194 MP: 29/29
 60731 | Vaults:5 | Entered Level 5 of the Vaults
 61029 | Vaults:5 | Got a fine granite ring
 61356 | Vaults:5 | Identified the ring "Jixavah" {rCorr rF+ SInv} (You took it off an ironheart preserver on level 5 of the Vaults)
 61460 | Vaults:5 | Noticed a golden dragon
 61486 | Vaults:5 | Killed a golden dragon
 61696 | Vaults:5 | Found Elobeb's Distillery.
 61699 | Vaults:5 | Found Ypoa's Food Boutique.
 61700 | Vaults:5 | Bought a potion of heal wounds for 95 gold pieces
 61700 | Vaults:5 | Bought a potion of curing for 57 gold pieces
 62280 | Vaults:5 | Reached XP level 24. HP: 139/204 MP: 29/29
 62790 | Vaults:5 | Reached skill level 27 in Polearms
 63149 | Vaults:5 | Found Fiho Qos's Distillery.
 63153 | Vaults:5 | Bought a potion of heal wounds for 70 gold pieces
 63153 | Vaults:5 | Bought a potion of heal wounds for 70 gold pieces
 63174 | Vaults:5 | Got a silver rune of Zot
 63580 | Depths:1 | Noticed Hasart's illusion
 63597 | D:15     | Noticed Hasart's illusion
 64115 | Depths:1 | Found a one-way gate to the infinite horrors of the Abyss.
 64154 | Depths:1 | Found Kafat's Jewellery Emporium.
 64181 | Depths:1 | Found Fiubaicw's Gadget Boutique.
 64182 | Depths:1 | Found Mibliah's Jewellery Emporium.
 64187 | Depths:1 | Bought the ring "Ocwezum" {rC+ rN+ Str+2 Slay+6} for 1246 gold pieces
 64296 | Depths:1 | Noticed Louise
 64305 | Depths:1 | Killed Louise
 64309 | Depths:1 | Got a steaming large shield
 64320 | Depths:1 | Identified the cursed -9 large shield of Jupomysiry {Int+7 Stlth+} (You took it off Louise on level 1 of the Depths)
 64360 | Depths:1 | Found a gateway to a ziggurat.
 64524 | Depths:1 | Found a gateway to Hell.
 64856 | Depths:2 | Noticed an ancient lich
 64906 | Depths:1 | Killed an ancient lich
 65521 | Depths:2 | Identified the Incunabulum of Dark Rituals
 66146 | Depths:2 | Noticed a caustic shrike
 66155 | Depths:2 | Killed a caustic shrike
 66163 | Depths:2 | Reached XP level 25. HP: 134/213 MP: 18/29
 66704 | Depths:2 | Paralysed by a floating eye for 3 turns
 66712 | Depths:2 | Paralysed by a floating eye for 3 turns
 66722 | Depths:2 | Paralysed by a floating eye for 2 turns
 66727 | Depths:2 | Paralysed by a floating eye for 4 turns
 66738 | Depths:2 | Paralysed by a floating eye for 4 turns
 66747 | Depths:2 | Paralysed by a floating eye for 4 turns
 66939 | Depths:2 | Identified the Grimoire of Evil Secrets
 67021 | Depths:2 | Got a glittering bone ring
 67022 | Depths:2 | Identified the ring "Dagh" {+Inv rPois rF+ Int+3 Dex-4 SInv} (You found it on level 2 of the Depths)
 67025 | Depths:2 | Identified the Volume of Blistering Summoning
 67913 | Depths:3 | Noticed Xtahua
 67925 | Depths:3 | Killed Xtahua
 68318 | Depths:3 | Found a one-way gate leading to the halls of Pandemonium.
 68628 | Depths:4 | Noticed Sojobo
 68733 | Depths:3 | Killed Sojobo
 68997 | Depths:4 | Found a shimmering altar of Xom.
 69032 | Depths:4 | Reached XP level 26. HP: 224/224 MP: 29/29
 69107 | Depths:4 | Reached skill level 15 in Staves
 69210 | Depths:4 | Voluntarily entered the Abyss.
 69219 | Abyss:1  | Found a blossoming altar of Fedhas.
 69666 | Abyss:2  | Found a corrupted altar of Lugonu.
 70839 | Abyss:3  | Found a corrupted altar of Lugonu.
 71001 | Abyss:3  | Lost mutation: You are agile. (Dex +2) [a neqoxec]
 71373 | Abyss:3  | Got an abyssal rune of Zot
 71548 | Depths:4 | Escaped the Abyss
 71979 | Depths:4 | Reached skill level 1 in Spellcasting
 72020 | Depths:4 | Noticed a juggernaut
 72037 | Depths:4 | Killed a juggernaut
 72037 | Depths:4 | Reached skill level 5 in Evocations
 72037 | Depths:4 | Reached XP level 27. HP: 200/233 MP: 25/29
 72094 | Depths:4 | Got a slimy jade amulet
 72095 | Depths:4 | Identified Qukuaf's Compendium of Virous Stones
 72099 | Depths:4 | Identified the amulet of Scepticism {Spirit rC+ Int+5} (You found it on level 4 of the Depths)
 72213 | Depths:4 | Got a fine fustibalus
 72215 | Depths:4 | Identified the +1 fustibalus of Insufficient Pleasure {flame, Int+3} (You found it on level 4 of the Depths)
 72527 | Lair:2   | Bought the amulet of Xametif {Reflect rF+ rC+ Int+2 SH+4} for 1148 gold pieces
 72757 | Crypt:1  | Entered Level 1 of the Crypt
 72849 | Crypt:1  | Found a magical portal.
 72869 | WizLab   | Entered Lehudib's Moon Base
 73789 | WizLab   | Found a transporter.
 73866 | WizLab   | Found a transporter.
 73867 | WizLab   | Found the +11 plutonium sword {*Contam Stlth-}
 73874 | WizLab   | Identified Batsiela's Lost Secrets of Witchcraft
 73886 | WizLab   | Learned a level 8 spell: Controlled Blink
 73930 | WizLab   | Identified Lehudib's Incunabulum of Clay and Attacks
 74363 | Crypt:1  | Got a sparkling amber ring
 74364 | Crypt:1  | Identified the ring "Ciuhar" {Ice rPois Str+2 Stlth+} (You found it on level 1 of the Crypt)
 74977 | Crypt:2  | Reached skill level 10 in Shields
 75704 | Orc:2    | Bought a scroll of teleportation for 48 gold pieces
 75706 | Orc:2    | Bought a scroll of enchant weapon for 127 gold pieces
 75857 | Lair:2   | Bought an ivory fustibalus for 460 gold pieces
 75857 | Lair:2   | Bought a runed fustibalus for 414 gold pieces
 75857 | Lair:2   | Identified the +5 fustibalus of Dim Light {flame, rElec rN+ SInv} (You bought it in a shop on level 2 of the Lair of Beasts)
 75868 | Lair:2   | Bought a warped glaive for 460 gold pieces
 75868 | Lair:2   | Identified the +4 glaive "Taenoini" {chop, *Drain +Inv Int+4 Dex+3} (You bought it in a shop on level 2 of the Lair of Beasts)
 75888 | Lair:2   | Bought a +0 cloak of magic resistance for 264 gold pieces
 76074 | Temple   | Entered the Ecumenical Temple
 76145 | Temple   | Fell from the grace of Gozag
 76145 | Temple   | Became a worshipper of the Shining One
 76411 | Orc:2    | Bought a scroll of teleportation for 51 gold pieces
 76411 | Orc:2    | Bought a scroll of teleportation for 51 gold pieces
 76411 | Orc:2    | Bought a scroll of identify for 34 gold pieces
 76411 | Orc:2    | Bought a scroll of teleportation for 51 gold pieces
 76411 | Orc:2    | Bought a scroll of identify for 34 gold pieces
 76411 | Orc:2    | Bought a scroll of remove curse for 51 gold pieces
 76411 | Orc:2    | Bought a scroll of identify for 34 gold pieces
 76413 | Orc:2    | Bought a scroll of identify for 32 gold pieces
 77077 | Crypt:3  | Entered Level 3 of the Crypt
 77082 | Crypt:3  | Reached * piety under the Shining One
 77095 | Crypt:3  | Reached skill level 5 in Spellcasting
 77146 | Crypt:3  | Reached ** piety under the Shining One
 77251 | Crypt:3  | Reached *** piety under the Shining One
 77274 | Crypt:3  | Paralysed by a vampire knight for 2 turns
 77339 | Crypt:3  | Found a staircase to the Tomb.
 77495 | Crypt:3  | Reached **** piety under the Shining One
 77655 | Crypt:3  | Reached ***** piety under the Shining One
 77976 | Crypt:3  | Found a basalt altar of Yredelemnul.
 77976 | Crypt:3  | Noticed an ancient lich
 77988 | Crypt:3  | Killed an ancient lich
 78025 | Crypt:3  | Found the +6 Majin-Bo {vamp, Archmagi MP+6 Int+6}
 78027 | Crypt:3  | Got a smoking turquoise ring
 78027 | Crypt:3  | Got a steaming tin ring
 78027 | Crypt:3  | Got a twitching amber ring
 78028 | Crypt:3  | Identified the ring "Fov Fyusk" {rPois rF+ rN+} (You found it on level 3 of the Crypt)
 78029 | Crypt:3  | Identified the ring of Seddah Qaen {+Blink rElec rF- rN+} (You found it on level 3 of the Crypt)
 78030 | Crypt:3  | Identified the ring "Regamuec" {rN+ Dex+5} (You found it on level 3 of the Crypt)
 78391 | Tomb:1   | Entered Level 1 of the Tomb of the Ancients
 78402 | Tomb:1   | Reached skill level 1 in Invocations
 78502 | Tomb:1   | Reached ****** piety under the Shining One
 78644 | Tomb:1   | Paralysed by a sphinx for 5 turns
 78673 | Tomb:1   | HP: 9/236 [death scarab (13)]
 78960 | Tomb:1   | Identified a +9 trishula of holy wrath (a +7 demon trident of draining blessed by the Shining One)
 78960 | Tomb:1   | Received a gift from the Shining One
 79491 | D:15     | Killed Mara
 79802 | Depths:5 | Entered Level 5 of the Depths
 79868 | Depths:4 | Reached skill level 27 in Dodging
 79871 | Depths:4 | Reached skill level 5 in Invocations
 80162 | Depths:5 | Reached skill level 15 in Armour
 81341 | Depths:5 | Reached skill level 10 in Invocations
 81544 | Depths:5 | Found a gate to the Realm of Zot.
 81587 | Depths:5 | Identified the Almanac of Arcane Weapons
 81833 | Hell     | Entered the Vestibule of Hell
 81833 | Hell     | Noticed Geryon
 81871 | Hell     | Killed Geryon
 81872 | Hell     | Reached skill level 1 in Translocations
 81875 | Hell     | Noticed Murray
 82025 | Zot:1    | Entered Level 1 of the Realm of Zot
 82057 | Zot:1    | HP: 11/238 [tentacled monstrosity (8)]
 82058 | Zot:1    | HP: 4/238 [tentacled monstrosity (9)]
 82069 | Zot:1    | HP: 5/238 [wandering mushroom[a curse toe] (9)]
 82070 | Zot:1    | The Shining One protects you from harm!
 82075 | Zot:1    | HP: 10/238 [green draconian] (6)]
 82076 | Zot:1    | HP: 1/238 [green draconian monk (6)]
 82076 | Zot:1    | Slain by a shadow dragon

Vault maps used:
D:1:      co_arrival_square_in_a_square_in_a_square, minmay_misc_feat_rows
D:2:      chequers_temple_overflow_statue_of_worship, first_bread
D:3:      nicolae_overflow_crystal_walls, overflow_temple_1_default, uniq_robin
D:4:      okawaru_trees_2, minitemple, temple_hall, serial_shops,
          nicolae_shop_behind_doors, uniq_edmund
D:6:      overflow_temple_1_default, serial_shops, shop
D:7:      cheibrodos_grave_circle
D:8:      serial_glass, glass_columns_a, glass_columns_c,
          hangedman_pestilent_swarm
D:9:      orc_0_dummy, uniq_prince_ribbit1
D:10:     due_lair_maze_entry_diamond, uniq_erolcha
D:11:     basic_altar
D:12:     serial_shops, nicolae_shop_statue_plus, shop_coins, shop, shop
D:13:     basic_altar, nicolae_trove_entry_path_of_doom, uniq_kirke
D:14:     david_vaults_5, kennysheep_cross_landing, fungi_pond_lemuel,
          argonaut_gorgonesque
D:15:     grunt_enter_depths_snipers, nrook_mini_backslash
Temple:   cyrus_temple_forest
Lair:1:   lab_entry_generic, serial_bayou_shore_b
Lair:2:   minmay_lair_oklob_tunnel, serial_bayou_lagoon_a, grunt_megastairs_2
Lair:3:   minmay_swamp_entry_worms, spider_nest_entry_funnel_web,
          grunt_megastairs_4
Lair:4:   minmay_lair_oklob_chamber, lemuel_fruit_fields
Lair:5:   minmay_slime_entry_oklob_open
Lair:6:   minmay_lair_end_enchanted_forest, nicolae_volcano_entry_s_turn
Swamp:1:  evilmike_swamp_ruin_house_4
Swamp:2:  serial_swamp_ruin, evilmike_swamp_ruin_house_3,
          evilmike_swamp_ruin_house_1, evilmike_swamp_ruin_wall
Swamp:3:  infiniplex_staircase_pool_2, lightli_tree_ring
Swamp:4:  swamp, swamp_pool2
Spider:2: nicolae_spider_hall_of_the_moth_king, uniq_asterion, uniq_donald
Spider:4: grunt_spider_rune_parallel
Orc:1:    mines2_david
Orc:2:    st_orc_elflike, lemuel_statue_altar
Elf:1:    minmay_elf_arrival_plus, serial_shops, shop, minmay_elf_annihilation
Elf:2:    portal_ice_cave_entry_pillars_2, portal_desolation_entry_nicolae_slug,
          serial_shops, shop_statue
Elf:3:    elf_hall
Vaults:1: grunt_vaults_focal, v_alt_pattern_1, nicolae_vaults_little_ls,
          vaults_dpeg_cross, nicolae_vaults_network_periphery,
          ontoclasm_vaults_fault, nicolae_vaults_three_branches,
          nicolae_vaults_rhombus_6, v_misc_15, vaults_room_ringed_pool,
          nicolae_vaults_sealed_display, nicolae_vaults_shelves_hall,
          serial_shops, shop
Vaults:2: v_misc_4, v_rooms_3, nicolae_vaults_network_barrier, v_misc_18,
          minmay_crypt_entry_necro_gods, nicolae_vaults_shelves_hall,
          vaults_room_grid, ontoclasm_vaults_gallery, vaults_dpeg_spiral,
          nicolae_vaults_rhombus_6, vaults_room_stairs_pillars,
          nicolae_vaults_network_quinsquares, vaults_dpeg_hooks, serial_shops,
          shop
Vaults:3: v_misc_10, grunt_vaults_diagonal, minmay_guarded_unrand_guard_vaults,
          ontoclasm_vaults_claustrophobia, v_misc_2, vaults_dpeg_ring, v_misc_5,
          vaults_mumra_minichess, hangedman_vaults_unwind,
          hangedman_vaults_corner, ontoclasm_vaults_gateway, vaults_room_pools,
          serial_shops, bzr_entry_islet
Vaults:4: hangedman_vaults_capsules, vaults_mumra_lcd,
          nicolae_vaults_what_the_h, ontoclasm_vaults_spin, vaults_room_pool,
          grunt_vaults_hallway_long, nicolae_vaults_shelves_hall, v_misc_23,
          v_alt_pattern_6, nicolae_vaults_puzzle_piece, dpeg_vaults_waves,
          ontoclasm_vaults_hangar, vaults_room_hallway
Crypt:1:  mu_enter_wizlab_1, grunt_crypt_arrival_webbed
Crypt:2:  serial_glass, glass_columns_c, glass_columns_a, glass_columns_b,
          glass_columns_a, glass_columns_a, glass_columns_b, item_on_display_a,
          skrybe_necro_troll_1
Crypt:3:  cryptofortress_bobbens
Tomb:1:   uniq_mennas
Depths:1: enter_ziggurat_b, nicolae_abyss_entry_one_way_or_another,
          pf_hell_entry_tar_spiral, kennysheep_cross_room, minmay_acid_items,
          infiniplex_staircase_pool_lava, minmay_shop_grove, uniq_enchantress,
          uniq_mara, uniq_saint_roka
Depths:2: little_maze_vault, special_room, grunt_mini_vestibule,
          minmay_staircase_windowed_large, serial_bayou_shore_b,
          serial_bayou_shore_a
Depths:3: minmay_fractal_lines_corner, rand_demon_pan_entry_7,
          grunt_hell_entry_dis_mu, serial_bayou_pond_b, uniq_xtahua
Depths:4: giant_chief_lemuel, marbit_kobold_abyss_entry, hangedman_geh_valley,
          basic_altar, roderic_three_in_a_row, uniq_sojobo
Depths:5: lemuel_castle_with_subvaults, moated_statue, hangedman_coc_ice_floe,
          rand_demon_pan_entry_3, grunt_megastairs_1
Zot:1:    gammafunk_sealed_library, grunt_ministairs_13
Abyss:1:  minivault_22
Abyss:3:  minivault_24, dshaligram_kb_abyss_rune_zappy_water_cross
Lab:      labyrinth_watery, lab_block, lab_statue, nicolae_lab_statue,
          labyrinth_skeletal_remains, lab_fountain
Bazaar:   bazaar_jpeg_circle_common
WizLab:   wizlab_lehudib

Skill      XL: |  1  2  3  4  5  6  7  8  9 10 11 12 13 14 15 16 17 18 19 20 21 22 23 24 25 26 27 |
---------------+----------------------------------------------------------------------------------+-----
Polearms       | 5 6 8 9 11 13 15 17 18 19 20 21 22 23 24 25 26 27 | 27.0
Shields        | 1 2 3 4 6 8 10 | 10.7
Fighting       | 3 4 6 7 8 10 11 12 13 14 15 16 17 18 19 20 21 22 24 | 24.2
Dodging        | 5 6 7 9 10 11 13 14 15 17 18 19 20 21 22 23 24 25 26 27 | 27.0
Armour         | 2 3 5 6 7 8 9 10 11 12 13 14 15 | 15.2
Staves         | 1 5 6 7 9 10 11 13 14 15 | 15.9
Evocations     | 3 4 5 8 |  8.2
Throwing       | 3 6 8 10 11 12 | 12.3
Spellcasting   | 1 6 |  6.0
Invocations    | 11 | 11.9
Translocations | 2 |  2.0

Action                   |  1- 3 |  4- 6 |  7- 9 | 10-12 | 13-15 | 16-18 | 19-21 | 22-24 | 25-27 || total
-------------------------+-------+-------+-------+-------+-------+-------+-------+-------+-------++-------
Melee: Trident           |   111 |   310 |   576 |   600 |  1457 |  1904 |   779 |       |       ||  5737
       Bardiche          |       |       |       |   358 |       |       |       |       |       ||   358
       Lajatang          |       |       |       |    16 |   291 |       |    24 |   129 |  1032 ||  1492
       Scythe            |       |       |       |       |     6 |       |       |       |       ||     6
       Tailslap          |       |       |       |       |    19 |    98 |    20 |       |       ||   137
       Demon trident     |       |       |       |       |       |       |  1840 |  2185 |  1675 ||  5700
       Trishula          |       |       |       |       |       |       |       |       |   575 ||   575
Invok: Potion Petition   |       |       |       |     4 |     1 |     2 |       |       |     2 ||     9
       Call Merchant     |       |       |       |     1 |     1 |       |     3 |       |     7 ||    12
       Cleansing Flame   |       |       |       |       |       |       |       |       |     5 ||     5
       Summon Divine War |       |       |       |       |       |       |       |       |     1 ||     1
       Brand Weapon With |       |       |       |       |       |       |       |       |     1 ||     1
Evoke: Wand              |       |       |       |     3 |       |       |       |       |     2 ||     5
  Use: Potion            |       |       |     2 |     9 |     6 |     3 |     4 |       |    16 ||    40
       Scroll            |       |       |       |    14 |     9 |     7 |     5 |    12 |    20 ||    67
 Stab: Sleeping          |     1 |     2 |       |       |       |     1 |       |       |       ||     4
       Invisible         |       |       |     5 |     1 |       |       |       |       |     1 ||     7
       Distracted        |       |       |     2 |     7 |    21 |    17 |    28 |    27 |    26 ||   128
       Paralysed         |       |       |       |       |       |       |     3 |       |     1 ||     4
       Petrified         |       |       |       |       |       |       |       |       |    11 ||    11
       Petrifying        |       |       |       |       |       |       |       |       |     1 ||     1
  Eat: Chunk             |     2 |       |       |       |       |       |       |       |     6 ||     8
       Meat ration       |       |     2 |     1 |     2 |     1 |     3 |     3 |     2 |     7 ||    21
       Royal jelly       |       |     1 |     1 |     3 |     6 |     4 |       |       |       ||    15
       Fruit             |       |       |     1 |     7 |       |     8 |    12 |    14 |    17 ||    59
       Bread ration      |       |       |     1 |     3 |     6 |     2 |     5 |     2 |     1 ||    20
Armor: Leather armour    |    27 |    41 |       |       |       |       |       |       |       ||    68
       Ring mail         |       |    11 |   105 |   118 |    95 |       |       |       |       ||   329
       Scale mail        |       |       |       |       |    90 |   247 |    15 |       |       ||   352
       Plate armour      |       |       |       |       |       |       |   909 |   570 |   939 ||  2418
Dodge: Dodged            |    59 |   140 |   247 |   547 |   918 |  1236 |  1360 |   997 |  2358 ||  7862
Block: Buckler           |    14 |    43 |   109 |    66 |   170 |   683 |   914 |   563 |   949 ||  3511
       Shield            |       |       |       |       |   116 |     5 |       |       |       ||   121
       Reflection        |       |       |       |       |     9 |    63 |    46 |    72 |    91 ||   281
       Other             |       |       |       |       |       |       |       |       |    98 ||    98

Table legend:
 A = Spawn XP
 B = Non-spawn XP
 C = Spawn XP percentage of total XP
 D = Spawn monster count
 E = Non-spawn monster count
 F = Spawn count percentage of total count
 G = Total turns spent on level
                    A         B        C        D         E        F      G
               +---------+---------+-------+---------+---------+-------+---------
         Total |   73023 | 1551686 |   4.5 |     125 |    2607 |   4.6 | 82076
               +---------+---------+-------+---------+---------+-------+---------
           D:1 |       0 |      34 |   0.0 |       0 |      17 |   0.0 |   980
           D:2 |       0 |     204 |   0.0 |       0 |      35 |   0.0 |  1483
           D:3 |       0 |     253 |   0.0 |       0 |      46 |   0.0 |  1076
           D:4 |       0 |     181 |   0.0 |       0 |       6 |   0.0 |  1188
           D:5 |       0 |     692 |   0.0 |       0 |      23 |   0.0 |  1107
           D:6 |       0 |     825 |   0.0 |       0 |      20 |   0.0 |  1016
           D:7 |       0 |    3131 |   0.0 |       0 |      44 |   0.0 |  2554
           D:8 |       0 |    3115 |   0.0 |       0 |      28 |   0.0 |  1384
           D:9 |       0 |    3808 |   0.0 |       0 |      29 |   0.0 |  1425
          D:10 |       0 |    3398 |   0.0 |       0 |      27 |   0.0 |  1067
          D:11 |       0 |    2003 |   0.0 |       0 |      12 |   0.0 |  1044
          D:12 |       0 |    1540 |   0.0 |       0 |      10 |   0.0 |  1013
          D:13 |       0 |    7113 |   0.0 |       0 |      28 |   0.0 |   806
          D:14 |       0 |   12272 |   0.0 |       0 |      32 |   0.0 |  1827
          D:15 |       0 |   48651 |   0.0 |       0 |      67 |   0.0 |  2791
        Lair:1 |       0 |    1215 |   0.0 |       0 |       5 |   0.0 |   987
        Lair:2 |       0 |    8318 |   0.0 |       0 |      31 |   0.0 |  1987
        Lair:3 |       0 |   12410 |   0.0 |       0 |      61 |   0.0 |  1517
        Lair:4 |       0 |    6233 |   0.0 |       0 |      22 |   0.0 |  1573
        Lair:5 |       0 |    3767 |   0.0 |       0 |      13 |   0.0 |  1017
        Lair:6 |       0 |   19264 |   0.0 |       0 |     104 |   0.0 |  1656
       Swamp:1 |       0 |    8483 |   0.0 |       0 |      25 |   0.0 |   904
       Swamp:2 |       0 |    5917 |   0.0 |       0 |      10 |   0.0 |  1108
       Swamp:3 |       0 |   25489 |   0.0 |       0 |      50 |   0.0 |  1812
       Swamp:4 |       0 |   27632 |   0.0 |       0 |      49 |   0.0 |   908
      Spider:1 |       0 |   18819 |   0.0 |       0 |      47 |   0.0 |  1522
      Spider:2 |       0 |   24509 |   0.0 |       0 |      48 |   0.0 |  1198
      Spider:3 |       0 |   18781 |   0.0 |       0 |      48 |   0.0 |  1329
      Spider:4 |       0 |   38801 |   0.0 |       0 |      88 |   0.0 |  1449
         Orc:1 |       0 |    9846 |   0.0 |       0 |      51 |   0.0 |  3053
         Orc:2 |       0 |    7431 |   0.0 |       0 |      40 |   0.0 |  2719
         Elf:1 |       0 |   33401 |   0.0 |       0 |      52 |   0.0 |  1754
         Elf:2 |       0 |   18639 |   0.0 |       0 |      28 |   0.0 |  2090
         Elf:3 |       0 |   59567 |   0.0 |       0 |      68 |   0.0 |  2936
      Vaults:1 |       0 |   33147 |   0.0 |       0 |      64 |   0.0 |  1678
      Vaults:2 |       0 |   58581 |   0.0 |       0 |      89 |   0.0 |  2041
      Vaults:3 |       0 |   63911 |   0.0 |       0 |      84 |   0.0 |  1489
      Vaults:4 |       0 |   63777 |   0.0 |       0 |      82 |   0.0 |  1627
      Vaults:5 |       0 |  146626 |   0.0 |       0 |     118 |   0.0 |  2589
       Crypt:1 |       0 |   28689 |   0.0 |       0 |      43 |   0.0 |   896
       Crypt:2 |       0 |   20710 |   0.0 |       0 |      31 |   0.0 |   881
       Crypt:3 |       0 |   64797 |   0.0 |       0 |      91 |   0.0 |  1368
        Tomb:1 |       0 |   24918 |   0.0 |       0 |      26 |   0.0 |   839
      Depths:1 |       0 |   73227 |   0.0 |       0 |      93 |   0.0 |  1770
      Depths:2 |       0 |   89532 |   0.0 |       0 |      99 |   0.0 |  2264
      Depths:3 |       0 |   71139 |   0.0 |       0 |      63 |   0.0 |  1231
      Depths:4 |       0 |   95975 |   0.0 |       0 |     105 |   0.0 |  1636
      Depths:5 |       0 |  109706 |   0.0 |       0 |     114 |   0.0 |  1955
          Hell |       0 |    7659 |   0.0 |       0 |       8 |   0.0 |    46
         Zot:1 |       0 |   16040 |   0.0 |       0 |       9 |   0.0 |    51
       Abyss:1 |   10328 |    6032 |  63.1 |      15 |       8 |  65.2 |   448
       Abyss:3 |   62695 |   29603 |  67.9 |     110 |      72 |  60.4 |  1876
           Lab |       0 |    1111 |   0.0 |       0 |       1 |   0.0 |   491
        WizLab |       0 |   60163 |   0.0 |       0 |      51 |   0.0 |  1312
    Desolation |       0 |   50601 |   0.0 |       0 |      92 |   0.0 |  3090
               +---------+---------+-------+---------+---------+-------+---------
